 Dungeon Crawl Stone Soup version 0.27-a0-1391-g48c30b3128 (webtiles) character file.

Game seed: 17119876772120717028

6053 Froggeryz the Slicer (level 10, -9/69 HPs)
             Began as an Octopode Berserker on July 1, 2021.
             Was a High Priest of Trog.
             Shot with an arrow by a centaur (11 damage)
             ... on level 9 of the Dungeon.
             The game lasted 00:12:38 (10476 turns).

Froggeryz the Slicer (Octopode Berserker)          Turns: 10476, Time: 00:12:39

Health: -9/69      AC:  1    Str: 17    XL:     10   Next: 87%
Magic:  10/10      EV: 18    Int: 10    God:    Trog [*****.]
Gold:   477        SH:  0    Dex: 14    Spells: 9/9 levels left

rFire    . . .     SeeInvis .   k - +1 dagger (venom)
rCold    . . .     Faith    .   (no shield)
rNeg     + . .     Spirit   .   (helmet restricted)
rPois    .         Reflect  .   (no amulet)
rElec    .         Harm     .   b - ring of flight
rCorr    .         Rampage  .   A - ring of positive energy
Will     .....                  (no ring)
Stlth    ++++++....             (no ring)
HPRegen  0.21/turn              (no ring)
MPRegen  0.12/turn              (no ring)
                                (no ring)
                                (no ring)

@: about to teleport, flying
A: almost no armour, amphibious, 8 rings, camouflage 1, gelatinous body 1,
nimble swimmer 1, tentacles
a: Renounce Religion, Berserk, Trog's Hand, Brothers in Arms


You were on level 9 of the Dungeon.
You worshipped Trog.
Trog was extremely pleased with you.
You visited 1 branch of the dungeon, and saw 9 of its levels.
You also visited: Ossuary.

You collected 477 gold pieces.

Inventory:

Hand Weapons
 k - a +1 dagger of venom (weapon)
Missiles
 g - 15 javelins
 p - 8 boomerangs (quivered)
 w - 29 poisoned darts
 x - a curare-tipped dart
 z - 2 throwing nets
Jewellery
 b - a ring of flight (left tentacle)
 h - a ring of fire
 A - a ring of positive energy (right tentacle)
Wands
 a - a wand of charming (14)
 e - a wand of flame (13)
 m - a wand of mindburst (11)
 r - a wand of polymorph (10)
Scrolls
 c - a scroll of enchant weapon
 i - 2 scrolls of teleportation
 o - a scroll of blinking
 t - 2 scrolls of enchant armour
 u - 2 scrolls of summoning
 y - a scroll of fog
 B - 2 scrolls of brand weapon
Potions
 d - 3 potions of might
 f - a potion of invisibility
 j - 3 potions of haste
 l - a potion of degeneration {unknown}
 n - 2 potions of berserk rage {unknown}
 q - 3 potions of mutation {unknown}
 s - a potion of attraction {unknown}
 v - 5 potions of curing
 C - 2 potions of lignification {unknown}
 D - a potion of heal wounds
 E - a potion of resistance {unknown}


   Skills:
 + Level 6.3 Fighting
 - Level 10.3 Short Blades
 * Level 10.2 Dodging
 - Level 8.0 Stealth


You had 9 spell levels left.
You didn't know any spells.
Your spell library was empty.

Dungeon Overview and Level Annotations

Branches:
Dungeon (9/15)             Temple (0/1) D:6            Lair (0/6) D:8
Ossuary (visited)
    Orc: D:9-12

Altars:
Elyvilon
Gozag
Makhleb
Nemelex Xobeh
Sif Muna
Trog
Wu Jian

Shops:
D:1 *

Annotations:
D:5 3 runed translucent doors, Froggeryz's ghost, novice OpBe; uniqcum's ghost, amateur TrMo


Innate Abilities, Weirdness & Mutations

You cannot wear most types of armour.
You are amphibious.
You can wear up to eight rings at the same time.
Your skin changes colour to match your surroundings (Stealth+).
Your rubbery body absorbs attacks. (AC +1, EV +1)
You are camouflaged near water. (Stealth+)
You have tentacles for arms and can constrict up to eight enemies at once.


Message History

The centaur wields a +0 shortbow.
The centaur shoots an arrow.
The arrow barely misses you.
You hear an angry hiss.
You hear a howl!
A centaur comes into view.
The centaur unwields a +0 shortbow.
The centaur hits you. The centaur closely misses you.
The howler monkey hits you.
A six-headed hydra comes into view.
The centaur closely misses you. The centaur misses you.
The centaur moves out of view.
You hit the centaur but do no damage.
The centaur is poisoned.
The howler monkey misses you.
You hit the centaur.
The centaur looks as sick as possible!
The centaur is lightly wounded.
The centaur hits you! The centaur barely misses you.
You hit the centaur but do no damage.
The centaur is moderately wounded.
The howler monkey hits you. The centaur misses you.
The centaur barely misses you.
You closely miss the centaur.
The centaur is moderately wounded.
The centaur hits you. The centaur kicks you.
The centaur wields a +0 shortbow.
The centaur shoots an arrow.
The arrow closely misses you.
The howler monkey hoots and howls with incredible vigour!
You hear a shout!
You hear a howl!
You hear a shout! x4; You hear a howl!
You hear an angry hiss.
You hear a shout! x8
As you read the scroll of teleportation, it crumbles to dust.
You feel strangely unstable.
A centaur zombie comes into view.
The centaur shoots an arrow.
The arrow hits you.
The centaur zombie moves out of view.
The six-headed hydra barely misses you.
The six-headed hydra completely misses you.
The six-headed hydra bites you. The six-headed hydra bites you!
* * * LOW HITPOINT WARNING * * *
The six-headed hydra bites you!
* * * LOW HITPOINT WARNING * * *
The six-headed hydra barely misses you.
The centaur shoots an arrow.
The arrow hits you!
You die...

#.........?# #..........#
..#>.......>.#
..............#
.....###.######
.....###.#
.........######
##################.......
≈≈≈≈≈≈≈≈@)≈≈≈≈†≈#.#######
######..#######g.# ≈≈
+Dc# #≈.# ## #h.# #≈.#
#..# #≈..# #..# #≈..#
#..' #≈..# ####. .≈..# c.
.≈..#


You could see a six-headed hydra, a centaur (very poisoned) and a howler monkey.

Vanquished Creatures
  Prince Ribbit (D:5)
  Grinder (D:5)
  Sigmund (D:4)
  6 yaks (D:8)
  A steam dragon (D:9)
  Menkaure (D:6)
  3 water moccasins
  A black bear (D:6)
  3 orc warriors
  A sky beast (D:7)
  2 ice beasts (D:6)
  3 ogres
  A necrophage (D:7)
  2 centaurs
  5 kobold brigands
  Blork the orc (D:4)
  6 scorpions
  4 bullfrogs
  A gnoll sergeant (D:6)
  A water moccasin zombie (D:5)
  A water moccasin skeleton (D:3)
  3 wights (D:8)
  6 killer bees (D:8)
  A howler monkey (D:6)
  2 hounds
  2 human zombies (Ossuary)
  3 centaur zombies
  2 orc priests
  3 jellies
  A centaur skeleton (D:7)
  An iguana (D:5)
  4 orc wizards
  A killer bee zombie (D:6)
  2 mummies (Ossuary)
  A howler monkey zombie (D:9)
  4 adders
  8 gnolls
  A howler monkey skeleton (D:4)
  2 white imps
  2 ufetubi
  An adder zombie (Ossuary)
  An adder skeleton (D:4)
  5 dart slugs
  12 orcs
  7 ball pythons
  8 bats
  12 endoplasms
  4 giant cockroaches
  9 goblins
  5 hobgoblins
  6 quokkas
  4 frilled lizards
  A goblin zombie (Ossuary)
  10 hobgoblin zombies (Ossuary)
  A jackal skeleton (D:4)
  2 jackal zombies (Ossuary)
  34 kobolds
  10 kobold zombies (Ossuary)
  8 orc zombies (Ossuary)
  5 rats
  A rat zombie (Ossuary)
241 creatures vanquished.

Vanquished Creatures (collateral kills)
  2 orc priests (D:4)
  An orc wizard (D:4)
  An orc (D:4)
4 creatures vanquished.

Vanquished Creatures (others)
  A fungus (D:8)
  A plant (D:8)
  6 withered plants (D:5)
8 creatures vanquished.

Grand Total: 253 creatures vanquished

Notes
Turn   | Place    | Note
-------+----------+-------------------------------------------
     0 | D:1      | Froggeryz the Octopode Berserker began the quest for the
                  | Orb.
     0 | D:1      | Reached XP level 1. HP: 16/16 MP: 1/1
   234 | D:1      | Reached skill level 1 in Stealth
   246 | D:1      | Reached XP level 2. HP: 21/21 MP: 2/2
   536 | D:1      | Found Aresamou's General Store.
   790 | D:1      | Reached XP level 3. HP: 26/26 MP: 3/3
  1145 | D:2      | Found a shimmering blue altar of Sif Muna.
  1224 | D:2      | Reached ** piety under Trog
  1566 | D:2      | Reached XP level 4. HP: 31/31 MP: 4/4
  2126 | D:3      | Noticed a golden eye
  2127 | D:3      | Found a faded altar of an unknown god.
  2184 | D:3      | Noticed a golden eye
  2191 | D:3      | Noticed a shining eye
  2237 | D:3      | Reached XP level 5. HP: 25/36 MP: 5/5
  2420 | D:3      | Found an opulent altar of Gozag.
  2752 | D:3      | Reached skill level 5 in Short Blades
  2849 | D:3      | Found a burning altar of Makhleb.
  2849 | D:3      | Found a faded altar of an unknown god.
  2860 | D:3      | Found a bloodstained altar of Trog.
  2861 | D:3      | Reached *** piety under Trog
  2917 | D:3      | Found a sparkling altar of Nemelex Xobeh.
  2919 | D:3      | Found an ornate altar of the Wu Jian Council.
  2974 | D:3      | Noticed a great orb of eyes
  3128 | D:4      | Reached XP level 6. HP: 42/42 MP: 6/6
  3154 | D:4      | Noticed Sigmund
  3156 | D:4      | Noticed Blork the orc
  3174 | D:4      | Killed Sigmund
  3175 | D:4      | Reached skill level 5 in Stealth
  3181 | D:4      | Noticed an orc warrior
  3379 | D:4      | Noticed an orc warrior
  3401 | D:4      | Killed an orc warrior
  3402 | D:4      | Reached XP level 7. HP: 36/46 MP: 7/7
  3748 | D:4      | Killed Blork the orc
  3799 | D:4      | Killed an orc warrior
  3800 | D:4      | Reached XP level 8. HP: 52/52 MP: 8/8
  4841 | D:5      | Entered Level 5 of the Dungeon
  4860 | D:5      | Found a runed translucent gate.
  4860 | D:5      | Found a runed translucent gate.
  4860 | D:5      | Noticed uniqcum's ghost (amateur TrMo)
  4861 | D:5      | Found a runed translucent gate.
  4861 | D:5      | Noticed Froggeryz's ghost (novice OpBe)
  5214 | D:5      | Noticed Prince Ribbit
  5225 | D:5      | Killed Prince Ribbit
  5378 | D:5      | Reached **** piety under Trog
  5445 | D:5      | Reached XP level 9. HP: 56/56 MP: 9/9
  5464 | D:5      | Noticed Grinder
  5481 | D:5      | Killed Grinder
  5482 | D:5      | Reached skill level 5 in Dodging
  6145 | D:6      | Reached skill level 10 in Short Blades
  6625 | D:6      | Noticed Menkaure
  6643 | D:6      | Killed Menkaure
  6738 | D:6      | Found a staircase to the Ecumenical Temple.
  7163 | D:7      | Found a white marble altar of Elyvilon.
  7170 | D:7      | Found a sand-covered staircase.
  7210 | Ossuary  | Entered an ossuary
  7506 | Ossuary  | Reached ***** piety under Trog
  8203 | D:7      | Reached XP level 10. HP: 65/65 MP: 10/10
  9137 | D:8      | Reached skill level 5 in Fighting
  9259 | D:8      | Found a staircase to the Lair.
  9444 | D:8      | Identified the +7 long sword of Rugiluygute {flame,
                  | *Corrode Str+4 Dex+2 SInv}
  9633 | D:8      | Received a gift from Trog
 10022 | D:8      | Reached skill level 10 in Dodging
 10467 | D:9      | Noticed a six-headed hydra
 10475 | D:9      | HP: 2/69 [six-headed hydra (7)]
 10476 | D:9      | Shot with an arrow by a centaur

Illustrated notes

Levels and vault maps discovered:
D:1:      evilmike_arrival_crescent, layout_basic, serial_shops,
          nicolae_shop_crystal, chequers_serial_rivers_marsh
D:2:      layout_loops_ring, basic_altar, minmay_tromino_i4
D:3:      layout_rooms, nicolae_gozag_seed_capital,
          chequers_temple_overflow_minitemple,
          hellmonk_ecumenical_altar_watching_god
D:4:      layout_basic, uniq_sigmund, uniq_blork_the_orc
D:5:      layout_loops_ring, gammafunk_ghost_cemetery, uniq_grinder,
          uniq_prince_ribbit1
D:6:      layout_basic, temple_fountains, uniq_menkaure
D:7:      layout_gridville, general_overflow_altar, nicolae_ossuary_entry_ruins,
          hangedman_decor_push
D:8:      layout_rooms, grunt_lair_entry_orc_guard_hut
D:9:      cheibrodos_ideogram_h, layout_basic, orc_david_3, serial_shops,
          kennysheep_mini, serial_aquarium, aquarium_bridge_square
          [aquarium_subvault_wall, aquarium_subvault_window,
          aquarium_subvault_wall, aquarium_subvault_bridge],
          aquarium_bridge_square [aquarium_subvault_bridge,
          aquarium_subvault_balcony, aquarium_subvault_window,
          aquarium_subvault_bridge], aquarium_window_fake, aquarium_window_2,
          aquarium_view_2b, minmay_misc_feat_rugged

Skill      XL: |  1  2  3  4  5  6  7  8  9 10 |
---------------+-------------------------------+-----
Stealth        | 1 2 3 4 5 6 8 |  8.0
Short Blades   | 4 5 6 7 9 10 | 10.3
Dodging        | 4 8 10 | 10.2
Fighting       | 4 6 |  6.3

Action                   |  1- 3 |  4- 6 |  7- 9 | 10-12 || total
-------------------------+-------+-------+-------+-------++-------
Melee: Short sword       |    86 |    20 |       |       ||   106
       Constrict         |    19 |    25 |    59 |    29 ||   132
       Tentacles         |    10 |    27 |    90 |    64 ||   191
       Dagger            |       |    90 |   302 |   174 ||   566
Throw: Boomerang         |       |       |     4 |       ||     4
Invok: Berserk           |       |     3 |     9 |     2 ||    14
       Trog's Hand       |       |     1 |     1 |       ||     2
Evoke: Wand              |       |       |     2 |       ||     2
  Use: Scroll            |       |     2 |     9 |     3 ||    14
       Potion            |       |     2 |       |       ||     2
 Stab: Sleeping          |     8 |    11 |    31 |     4 ||    54
       Distracted        |       |       |       |     1 ||     1
Armor: Skin              |     8 |     3 |    10 |     2 ||    23
Dodge: Dodged            |    62 |    47 |   109 |    91 ||   309

Table legend: (Time is in decaauts)
 A = Elapsed time spent in this place.
 B = Non-inter-level travel time spent in this place.
 C = Inter-level travel time spent in this place.
 D = Time resting spent in this place.
 E = Time spent auto-exploring this place.
 F = Levels seen in this place.
 G = Mean time per level.
                   A        B        C        D        E       F      G
               +--------+--------+--------+--------+--------+-----+--------+
         Total |  10365 |  10165 |    200 |   2153 |   6525 |  10 | 1036.5 |
       Dungeon |   9810 |   9610 |    200 |   2018 |   6229 |   9 | 1090.0 |
       Ossuary |    554 |    554 |      0 |    135 |    296 |   1 |  554.0 |
               +--------+--------+--------+--------+--------+-----+--------+

Top non-repeatable levels by time:
     D:4: 1514 daAuts
     D:8: 1408 daAuts
     D:3: 1374 daAuts
     D:6: 1336 daAuts
     D:1: 1141 daAuts
     D:7: 1120 daAuts
     D:5: 997 daAuts
     D:2: 821 daAuts
 Ossuary: 554 daAuts
     D:9: 97 daAuts
